 Dungeon Crawl Stone Soup version 0.31.0-11-ge490571c62 (webtiles) character file.

Game seed: 14852327874994517930

17609 inmateoo the Carver (level 12, -3/95 HPs)
             Began as a Formicid Gladiator on Jan 27, 2024.
             Killed from afar by Fannar (37 damage)
             ... with a bolt of cold
             ... on level 1 of the Lair of Beasts on Jan 28, 2024.
             The game lasted 00:25:17 (15094 turns).

inmateoo the Carver (Formicid Gladiator)           Turns: 15094, Time: 00:25:18

Health: -3/95      AC: 16    Str: 24    XL:     12   Next: 84%
Magic:  12/12      EV: 12    Int:  8    God:
Gold:   686        SH: 11    Dex: 15    Spells: 11/11 levels left

rFire   + . .        E - +3 falchion (freeze)
rCold   . . .        u - +0 kite shield
rNeg    . . .        i - +1 scale mail
rPois   .            (helmet unavailable)
rElec   .            (no cloak)
rCorr   .            w - +1 pair of gloves
SInv    +            x - +0 pair of boots
Will    +....        (no amulet) Stlth
                     v - +4 ring of protection
HPRegen 0.35/turn    e - ring of protection from fire
MPRegen 0.13/turn

%: no passive effects
@: no status effects
A: permanent stasis, dig shafts and tunnels, antennae 3, four strong arms
a: Dig, Shaft Self


You were on level 1 of the Lair of Beasts.
You visited 2 branches of the dungeon, and saw 13 of its levels.

You collected 752 gold pieces.
You spent 66 gold pieces at shops.

Inventory:

Hand Weapons
 a - a +1 long sword of freezing
 b - a +2 hand axe of flaming
 y - a +2 short sword of electrocution
 E - a +3 falchion of freezing (weapon)
Missiles
 c - 2 throwing nets
 d - a javelin
 o - 2 silver javelins (quivered)
Armour
 i - a +1 scale mail (worn)
 u - a +0 kite shield (worn)
 w - a +1 pair of gloves (worn)
 x - a +0 pair of boots (worn)
Jewellery
 e - a ring of protection from fire (right hand)
 v - a +4 ring of protection (left hand)
 A - a +6 ring of intelligence
Wands
 m - a wand of flame (41)
 p - a wand of mindburst (6)
 r - a wand of polymorph (7)
Scrolls
 f - 5 scrolls of enchant weapon
 n - a scroll of fog
 q - 2 scrolls of enchant armour
 s - a scroll of blinking
 z - a scroll of brand weapon
 C - a scroll of fear
 F - a scroll of revelation
Potions
 g - 3 potions of mutation
 h - 2 potions of resistance
 j - 2 potions of cancellation
 k - 2 potions of enlightenment
 l - 3 potions of curing
 t - 2 potions of heal wounds
 D - a potion of haste {unknown}


   Skills:
 + Level 9.3 Fighting
 * Level 12.5 Long Blades
 + Level 7.5 Throwing
 + Level 7.8 Armour
 + Level 7.0 Dodging
 + Level 8.1 Shields
 - Level 2.0 Evocations


You had 11 spell levels left.
You didn't know any spells.
Your spell library contained the following spells:

 Spells                   Type           Power      Damage    Failure   Level
 Magic Dart               Conj           0%         1d3       87%         1
 Summon Small Mammal      Summ           0%         N/A       87%         1
 Cigotuvi's Dreadful Rot  Necr/Alch/Air  0%         N/A       95%         2
 Searing Ray              Conj           0%         2d4       95%         2
 Call Canine Familiar     Summ           0%         N/A       99%         3
 Volatile Blastmotes      Fire/Tloc      0%         2d10      99%         3
 Dispel Undead            Necr           0%         3d6       100%        4
 Fulminant Prism          Conj/Alch      0%         3d5       100%        4
 Iskenderun's Mystic Bla  Conj/Tloc      0%         2d3       100%        4
 Martyr's Knell           Necr/Summ      0%         N/A       100%        4
 Summon Blazeheart Golem  Fire/Summ      0%         N/A       100%        4
 Summon Lightning Spire   Summ/Air       0%         N/A       100%        4
 Alistair's Intoxication  Alch           0%         N/A       100%        5
 Death Channel            Necr           0%         N/A       100%        6
 Spellforged Servitor     Conj/Summ      0%         N/A       100%        7


Dungeon Overview and Level Annotations

Branches:
Dungeon (11/15)            Temple (0/1) D:5            Lair (2/5) D:9
  Swamp: Lair:2-3    Shoals: Lair:2-3     Snake: Lair:2-3    Spider: Lair:2-3
    Orc: D:9-12

Altars:
Cheibriados
Hepliaklqana
Kikubaaqudgha
Nemelex Xobeh
Okawaru
Trog
Wu Jian
The Shining One

Shops:
D:2 *   D:6 *   D:9 =

Annotations:
Lair:1 Fannar
Lair:2 Maggie


Innate Abilities, Weirdness & Mutations

You cannot be hasted, slowed, berserked, paralysed or teleported.
You can dig through walls and to a lower floor.
You have a pair of large antennae on your head. (SInv)
Your four strong arms can wield two-handed weapons with a shield.


Message History

Fannar is severely wounded.
Fannar hits you with a staff of cold. Fannar freezes you.
You barely miss Fannar.
Fannar is severely wounded.
Fannar barely misses you.
Maggie casts a spell.
Maggie attempts to bespell you!
You are mesmerised by Maggie!
You climb upwards.
There is a stone staircase leading down here.
You closely miss Fannar.
Fannar is severely wounded.
Fannar gestures wildly while chanting.
You slash Fannar!
Fannar is severely wounded.
Fannar closely misses you.
You hit Fannar.
Fannar is severely wounded.
You slash Fannar!
Fannar is almost dead.
Fannar hits you with a staff of cold. Fannar freezes you!
The ice beast hits you but does no damage.
Fannar hits you with a staff of cold. Fannar freezes you!
You are too injured to fight recklessly!
You hit Fannar but do no damage.
Fannar is almost dead.
Fannar brushes some snowflakes from their robe.
You block Fannar's attack.
You hit Fannar but do no damage.
Fannar is severely wounded.
Fannar casts a spell.
You are too injured to fight recklessly!
You hit Fannar.
Fannar is almost dead.
You are too injured to fight recklessly!
You hit Fannar.
Fannar is almost dead.
Fannar gestures at you while chanting. The bolt of cold hits you!!!
You die...

...##.....# #.#
#####.....# #.#
####......##########.#
.....................#
.....................#
.....................#
.##.#...........Y>...#
.###......###.##e##..#
..........##..##@###†#
....#.....###.##Y###.#
...#......##.......+.##
....#.....'......###..#
...#......#####.####.##
...##.....#####.###..##
#.###......#.##..###..#
#####................##
......................#


You could see Fannar and 2 ice beasts.

Vanquished Creatures
  3 two-headed ogres
  An ugly thing (D:7)
  4 cane toads
  2 rime drakes
  A kobold demonologist (D:9)
  4 komodo dragons
  2 polar bears
  A troll (D:9)
  Sigmund (D:4)
  2 shadows
  28 yaks
  3 wyverns
  A basilisk (Lair:1)
  3 steam dragons
  2 vampire mosquitoes (D:8)
  2 acid dragons
  2 water moccasins
  An orc warrior (D:8)
  5 ice beasts
  2 sky beasts
  2 ogres (D:5)
  3 black bears
  16 wolves
  3 centaurs
  A gnoll sergeant (D:6)
  6 bullfrogs
  9 wights
  4 scorpions
  17 killer bees
  3 howler monkeys
  3 bombardier beetles
  3 jellies
  4 orc priests
  3 hounds
  A gnoll bouda (D:7)
  3 sleepcaps
  9 iguanas
  6 orc wizards
  19 gnolls
  4 adders
  2 shadow imps
  3 ufetubi
  4 ribbon worms
  3 dart slugs
  16 orcs
  2 bats
  4 endoplasms
  2 giant cockroaches
  3 goblins
  5 hobgoblins
  2 quokkas (D:1)
  4 ball pythons
  A frilled lizard (D:1)
  4 kobolds
  4 rats
248 creatures vanquished.

Notes
Turn   | Place    | Note
-------+----------+-------------------------------------------
     0 | D:1      | inmateoo the Formicid Gladiator began the quest for the
                  | Orb.
     0 | D:1      | Reached XP level 1. HP: 16/16 MP: 1/1
   169 | D:1      | Reached XP level 2. HP: 23/23 MP: 2/2
   405 | D:1      | Reached skill level 1 in Armour
   405 | D:1      | Reached XP level 3. HP: 11/28 MP: 3/3
  1303 | D:2      | Reached XP level 4. HP: 34/34 MP: 4/4
  1789 | D:2      | Identified the +0 helmet "Conuk" {^Drain rElec SInv}
  1836 | D:2      | Found Hyesif's Assorted Antiques.
  1856 | D:2      | Bought a scroll labelled CIRIDE DORGH for 23 gold pieces
  1856 | D:2      | Bought a scroll labelled HUONUOK PUIM for 23 gold pieces
  1856 | D:2      | Bought a bubbling yellow potion for 20 gold pieces
  2707 | D:3      | Reached skill level 4 in Long Blades
  2710 | D:3      | Reached XP level 5. HP: 41/41 MP: 5/5
  2765 | D:3      | Found a hazy altar of Hepliaklqana.
  3269 | D:4      | Found a glowing golden altar of the Shining One.
  3444 | D:4      | Noticed Sigmund
  3455 | D:4      | Reached XP level 6. HP: 40/47 MP: 6/6
  3512 | D:4      | Killed Sigmund
  3513 | D:4      | Reached skill level 5 in Long Blades
  3513 | D:4      | Reached XP level 7. HP: 21/53 MP: 7/7
  3745 | D:5      | Entered Level 5 of the Dungeon
  3995 | D:5      | Found an ancient bone altar of Kikubaaqudgha.
  4037 | D:5      | Reached XP level 8. HP: 61/61 MP: 8/8
  4252 | D:5      | Reached skill level 6 in Long Blades
  4529 | D:5      | Found a staircase to the Ecumenical Temple.
  4566 | D:6      | Found Loukeaso's General Store.
  4954 | D:6      | Reached skill level 5 in Fighting
  5028 | D:5      | Reached XP level 9. HP: 54/68 MP: 9/9
  5079 | D:6      | Reached skill level 7 in Long Blades
  5310 | D:6      | Reached skill level 5 in Dodging
  5616 | D:6      | Reached skill level 5 in Armour
  6217 | D:7      | Reached skill level 8 in Long Blades
  6269 | D:7      | Noticed a white ugly thing
  6289 | D:7      | Killed a white ugly thing
  6290 | D:7      | Reached skill level 5 in Throwing
  6688 | D:7      | Reached skill level 9 in Long Blades
  6688 | D:7      | Reached XP level 10. HP: 57/77 MP: 10/10
  6886 | D:7      | Reached skill level 1 in Shields
  7505 | D:7      | Reached skill level 10 in Long Blades
  8259 | D:8      | Noticed a two-headed ogre
  8275 | D:8      | Killed a two-headed ogre
  9087 | D:9      | Noticed a rime drake
  9100 | D:8      | Killed a rime drake
  9157 | D:8      | Reached skill level 5 in Shields
  9298 | D:7      | Reached XP level 11. HP: 30/84 MP: 11/11
  9969 | D:9      | Found a staircase to the Lair.
 10059 | D:9      | Noticed a two-headed ogre
 10065 | D:9      | Killed a two-headed ogre
 10066 | D:9      | Reached skill level 11 in Long Blades
 10127 | D:9      | Found an iron altar of Okawaru.
 10128 | D:9      | Found a snail-covered altar of Cheibriados.
 10130 | D:9      | Found a bloodstained altar of Trog.
 10130 | D:9      | Found a sparkling altar of Nemelex Xobeh.
 10170 | D:9      | Found Jipleon's Jewellery Shop.
 10578 | D:9      | Found an ornate altar of the Wu Jian Council.
 10740 | D:10     | Entered Level 10 of the Dungeon
 10745 | D:10     | Noticed a two-headed ogre
 10762 | D:9      | Killed a two-headed ogre
 12375 | D:11     | Reached XP level 12. HP: 92/94 MP: 12/12
 12538 | D:11     | Noticed a boulder beetle
 12539 | D:11     | Noticed a centaur warrior
 12763 | Lair:1   | Entered Level 1 of the Lair of Beasts
 12769 | Lair:1   | Reached skill level 1 in Evocations
 13334 | Lair:1   | Reached skill level 12 in Long Blades
 14809 | Lair:2   | Got the Folio of Apparitions and the Cucurbite
 14830 | Lair:2   | Noticed Fannar
 15076 | Lair:2   | Noticed Maggie
 15094 | Lair:1   | Killed from afar by Fannar

Illustrated notes

Levels and vault maps discovered:
D:1:      mainiacjoe_arrival_reflecting_pool, layout_loops_ring,
          nicolae_hexahallways
D:2:      layout_basic, serial_shops, nicolae_shop_overgrown_old_shop,
          chequers_serial_rivers_marsh, chequers_decorated_corner
D:3:      layout_rooms, nzn_hepliaklqana_mist_gate
D:4:      layout_rooms, nicolae_tso_carved_into_rock, uniq_sigmund
D:5:      layout_cave_pools, lemuel_crystal_altar, minmay_temple_entry_fiery,
          hellmonk_no_cap
D:6:      layout_loops_ring, serial_shops, nicolae_shop_advertising_works
          [nicolae_subvault_shop_adworks]
D:7:      layout_basic, minmay_fractal_squares_5
D:8:      layout_basic
D:9:      layout_loops_ring, mainiacjoe_overflow_alcove_3,
          pdpol_wu_jian_five_deadly_venoms, hellmonk_lair_entry_icy,
          serial_shops, shop
D:10:     layout_rooms
D:11:     minmay_the_grid_square_5x5_4x4_mashed
          [minmay_the_grid_square_5x5_shuriken,
          minmay_the_grid_square_5x5_gyroscope,
          minmay_the_grid_square_5x5_seven, minmay_the_grid_square_5x5_moneybag,
          minmay_the_grid_square_5x5_tri_point,
          minmay_the_grid_square_5x5_prize_itemx,
          minmay_the_grid_square_5x5_prize_open,
          minmay_the_grid_square_5x5_three_walls,
          minmay_the_grid_square_5x5_shrine1,
          minmay_the_grid_square_5x5_prize_pseudospiral,
          minmay_the_grid_square_5x5_prize_waves,
          minmay_the_grid_square_5x5_bite, minmay_the_grid_square_5x5_dogpile,
          minmay_the_grid_square_5x5_minibox, minmay_the_grid_square_5x5_spiral,
          minmay_the_grid_square_5x5_three_small], layout_long_grid,
          orc_0_dummy, portal_ice_cave_entry_pillars_1, uniq_amaemon
Lair:1:   layout_regular_city
Lair:2:   layout_misc_corridors, nicolae_swamp_entry_spooky,
          gammafunk_lair_bear_cave, uniq_maggie, uniq_fannar, uniq_sonja

Skill      XL: |  1  2  3  4  5  6  7  8  9 10 11 12 |
---------------+-------------------------------------+-----
Armour         | 1 2 3 4 5 6 7 |  7.8
Dodging        | 3 4 5 6 7 |  7.0
Fighting       | 3 4 5 6 7 8 9 |  9.3
Long Blades    | 4 5 6 9 10 11 12 | 12.5
Throwing       | 3 5 6 7 |  7.5
Shields        | 5 6 8 |  8.1
Evocations     | 2 |  2.0

Action                     |  1- 3 |  4- 6 |  7- 9 | 10-12 || total
---------------------------+-------+-------+-------+-------++-------
  Melee: Long sword        |    66 |    92 |   247 |   460 ||   865
         Punch             |       |     2 |     6 |       ||     8
         Falchion          |       |       |       |   388 ||   388
  Throw: Javelin           |       |     3 |    19 |    32 ||    54
         Throwing net      |       |     2 |       |     9 ||    11
Ability: Dig               |       |       |     1 |     4 ||     5
  Evoke: Wand              |       |    12 |     8 |    23 ||    43
    Use: Scroll            |     2 |     3 |     8 |     8 ||    21
         Potion            |       |       |       |     1 ||     1
   Stab: Held in net/web   |       |     3 |       |     9 ||    12
 Armour: Leather armour    |     7 |       |       |       ||     7
         Scale mail        |    27 |    50 |   185 |   529 ||   791
  Dodge: Dodged            |    32 |    47 |   155 |   333 ||   567
  Block: Kite shield       |       |       |       |   482 ||   482
